Map: Lerilak Crest

Players

aguibast

  • Race: Zerg Zerg
  • League: Silver

capac - Winner!

  • Race: Terran Terran
  • League: Gold

VOD

Have the link to the VOD?

Description

Time

  • Played on: March 3, 2016, 11:35 a.m.
  • Length: 21:32
Show
View Real Time Build Order
Export as new Build Order

aguibast Zerg 

Build Orders: Pool First 

Get SALT Encoding   

  12  0:01  Drone  
  13  0:13  Drone  
  14  0:16  Overlord  
  14  0:22  Extractor  
  14  0:23  Drone  
  15  0:35  Drone  
  16  0:37  Drone  
  17  0:46  Spawning Pool  
  16  0:50  Drone  
  17  0:58  Overlord  
  17  1:15  Drone  
  17  1:18  Extractor  
  17  1:20  Extractor  
  16  1:25  Hatchery  
  16  1:32  Drone  
  16  1:42  Drone  
  17  1:51  Drone  
  18  1:59  Queen  
  21  2:01  Drone  
  21  2:12  Overlord  
  21  2:24  Zergling x2  
  22  2:33  Metabolic Boost  
  22  2:45  Drone x3  
  22  2:49  Drone  
  26  2:55  Roach Warren  
  25  3:01  Spore Crawler  
  25  3:04  Drone  
  25  3:05  Spore Crawler  
  25  3:11  Drone  
  25  3:18  Queen  
  27  3:33  Drone x3  
  30  3:34  Drone  
  31  3:46  Drone x4  
  34  4:08  Drone x4  
  34  4:09  Drone x2  
  40  4:15  Lair  
  40  4:19  Roach  
  40  4:20  Zergling x2  
  43  4:24  Extractor  
  43  4:26  Drone  
  43  4:44  Overlord x2  
  43  4:49  Hatchery  
  42  4:58  Zergling x2  
  43  5:03  Roach x2  
  43  5:04  Zergling x4, Roach x3  
  55  5:17  Roach x2  
  55  5:20  Glial Reconstitution  
  59  5:26  Extractor  
  59  5:27  Drone  
  59  5:30  Overlord x3  
  59  5:48  Zergling x2  
  60  5:54  Zergling x2  
  60  5:55  Zergling x6  
  60  5:56  Roach x2  
  69  5:57  Drone x4  
  72  6:13  Drone x2  
  72  6:14  Drone x3  
  58  6:59  Drone x2  
  58  7:00  Drone x6  
  58  7:01  Drone  
  67  7:11  Queen  
  69  7:16  Spore Crawler  
  69  7:22  Drone x2  
  70  7:24  Queen  
  70  7:27  Zergling x8  
  70  7:28  Roach x2  
  80  7:44  Extractor  
  80  7:46  Drone x4  
  80  7:47  Extractor  
  80  7:49  Drone  
  83  7:58  Ravager x5  
  86  8:00  Roach  
  86  8:01  Overlord x3  
  90  8:23  Roach x2  
  90  8:24  Zergling x2, Roach x3  
  90  8:25  Zergling x4  
  103  8:30  Drone, Hydralisk Den  
  96  9:06  Roach x2  
  96  9:07  Roach x3  
  96  9:09  Overlord x4  
  106  9:21  Zergling x2, Roach  
  105  9:30  Drone x4  
  109  9:43  Hatchery  
  98  10:09  Baneling Nest, Roach, Zergling x2  
  98  10:10  Zergling x14  
  107  10:25  Evolution Chamber  
  106  10:29  Evolution Chamber  
  106  10:31  Evolution Chamber, Hydralisk  
  106  10:32  Hydralisk x4  
  114  10:50  Hydralisk x6  
  114  10:51  Hydralisk  
  114  10:53  Baneling  
  114  10:54  Baneling x15  
  114  10:55  Baneling x7  
  114  10:57  Centrifical Hooks  
  128  11:14  Overlord x4  
  120  11:44  Hydralisk  
  120  11:45  Zergling x14, Roach  
  120  11:46  Zergling x6  
  129  11:54  Ravager  
  129  12:01  Zergling x10  
  124  12:07  Zergling x2, Hydralisk, Roach  
  110  12:31  Hydralisk  
  110  12:32  Zergling x4, Hydralisk x2, Roach x3  
  124  12:47  Drone  
  124  12:48  Drone x4  
  129  12:59  Zerg Melee Weapons Level 1  
  129  13:00  Infestation Pit  
  129  13:01  Zerg Missile Weapons Level 1, Zerg Ground Armor Level 1  
  129  13:03  Hydralisk  
  129  13:04  Zergling x2, Roach  
  129  13:05  Zergling x8  
  137  13:09  Baneling x2  
  137  13:10  Baneling x16  
  139  13:13  Roach x4  
  145  13:26  Hydralisk  
  149  13:27  Zergling x6, Roach  
  149  13:29  Overlord x2  
  151  13:47  Zergling x2, Hydralisk x3, Roach  
  151  13:48  Zergling x2, Roach  
  163  13:57  Hydralisk  
  163  13:58  Hydralisk  
  167  14:03  Baneling x5  
  167  14:04  Baneling x8  
  167  14:09  Lair  
  167  14:11  Hive  
  167  14:13  Neural Parasite  
  164  14:28  Hydralisk  
  164  14:29  Zergling x2, Roach  
  164  14:30  Roach x12  
  165  14:36  Roach  
  165  14:37  Roach  
  167  14:41  Muscular Augments  
  129  15:17  Hydralisk  
  129  15:18  Zergling x18, Roach  
  129  15:19  Zergling x2  
  122  15:32  Zergling x2, Hydralisk, Roach  
  122  15:33  Zergling x2  
  125  15:46  Hydralisk  
  125  15:47  Zergling x2, Roach  
  125  15:48  Roach  
  73  16:26  Hydralisk  
  73  16:27  Zergling x2, Roach  
  73  16:28  Zergling x18  
  82  16:42  Hydralisk  
  82  16:43  Zergling x2, Roach x2  
  85  16:48  Queen  
  85  16:50  Drone  
  84  17:07  Ultralisk Cavern  
  83  17:14  Extractor  
  82  17:15  Drone  
  82  17:16  Extractor, Drone  
  83  17:28  Zerg Missile Weapons Level 2, Zerg Melee Weapons Level 2  
  83  17:29  Zerg Ground Armor Level 2  
  83  17:33  Hydralisk  
  83  17:34  Zergling x2, Hydralisk x4, Roach x3  
  83  17:35  Roach x2  
  104  17:52  Hydralisk x2  
  104  17:53  Hydralisk, Roach x4  
  104  17:56  Baneling x2  
  104  17:57  Baneling x5  
  104  17:58  Baneling  
  118  18:01  Ultralisk x3  
  136  18:10  Drone  
  136  18:11  Drone x6  
  143  18:17  Roach  
  145  18:24  Roach  
  145  18:25  Roach x2  
  145  18:27  Hatchery  
  150  18:28  Infestor, Roach  
  154  18:40  Hydralisk  
  155  18:45  Spire  
  154  18:50  Queen  
  154  18:54  Hydralisk x4  
  164  19:17  Drone  
  164  19:18  Drone x2  
  164  19:19  Overlord  
  164  19:20  Overlord x2  
  167  19:27  Chitinous Plating  
  165  19:39  Hydralisk x3  
  168  19:49  Hydralisk x7  
  168  19:50  Hydralisk  
  155  20:10  Hydralisk  
  155  20:11  Zergling x14, Roach  
  159  20:16  Ultralisk  
  165  20:27  Hydralisk x2  
  165  20:28  Zergling x10, Roach  
  153  20:48  Hydralisk x2  
  153  20:49  Zergling x8, Roach x3  
  157  20:50  Roach  
Show
View Real Time Build Order
Export as new Build Order

capac Terran - Winner!

Build Orders:  

Get SALT Encoding   

  12  0:00  SCV  
  13  0:13  SCV  
  14  0:18  Supply Depot  
  14  0:25  SCV  
  15  0:39  SCV  
  15  0:42  Barracks  
  16  0:47  Refinery  
  16  0:51  SCV  
  17  1:04  SCV  
  18  1:16  SCV  
  19  1:28  SCV  
  19  1:31  Barracks Reactor  
  20  1:36  Command Center  
  20  1:47  Supply Depot, SCV  
  21  1:59  Orbital Command  
  21  2:09  Marine x2  
  23  2:18  Barracks  
  23  2:31  Marine x2  
  24  2:48  Marine, Orbital Command  
  24  2:49  Marine  
  26  2:54  SCV  
  26  2:55  Factory  
  27  3:06  Marine  
  27  3:07  Refinery, Marine  
  27  3:08  Barracks Tech Lab  
  27  3:11  SCV  
  30  3:22  SCV  
  30  3:24  Marine x2  
  30  3:26  SCV  
  34  3:30  Stimpack  
  34  3:35  SCV  
  34  3:38  SCV  
  36  3:42  Starport, Factory Reactor  
  36  3:43  Marine  
  36  3:44  Marine x2  
  39  3:53  Engineering Bay, SCV x2  
  41  3:59  Supply Depot  
  41  4:07  Marine x2  
  41  4:08  Marine  
  41  4:09  SCV  
  46  4:10  SCV  
  46  4:22  Supply Depot  
  46  4:30  SCV x2  
  48  4:33  Marine x3  
  48  4:35  Supply Depot, Factory Tech Lab, Medivac  
  53  4:43  Medivac  
  53  4:45  Supply Depot  
  55  4:53  Marine x3  
  55  4:56  Terran Infantry Weapons Level 1  
  58  5:00  SCV  
  58  5:01  SCV  
  58  5:05  Siege Tank  
  63  5:19  SCV  
  63  5:20  Refinery x2, SCV  
  65  5:28  Marine x3  
  68  5:30  Medivac  
  68  5:34  SCV x2  
  72  5:45  Liberator  
  72  5:46  Supply Depot  
  72  5:54  Barracks, SCV x2  
  72  5:55  Barracks  
  74  6:00  Supply Depot, Liberator  
  77  6:12  Marine x3  
  75  6:45  Liberator  
  75  6:46  Liberator  
  69  6:54  Marine x2  
  69  6:55  Marine  
  69  6:58  Barracks Reactor x2  
  70  7:02  Barracks, SCV x2  
  70  7:03  Command Center  
  78  7:10  Terran Infantry Armor Level 1  
  78  7:12  Marine  
  79  7:22  Supply Depot  
  79  7:25  SCV x2  
  79  7:29  Marine x2  
  83  7:30  Marine  
  83  7:36  Supply Depot  
  84  7:42  Marine x4  
  84  7:43  Armory  
  88  7:48  Medivac  
  88  7:49  Medivac  
  92  7:53  Barracks Reactor  
  91  8:01  Liberator x2  
  91  8:03  Missile Turret  
  91  8:07  Marine x3  
  91  8:08  Marine x4  
  104  8:21  SCV x2  
  104  8:25  Engineering Bay  
  104  8:26  Supply Depot  
  106  8:28  Supply Depot  
  106  8:34  Orbital Command  
  106  8:43  Siege Tank  
  109  8:57  Liberator x2  
  108  9:11  Marine x3  
  108  9:12  Marine x4  
  108  9:15  SCV x2  
  108  9:16  SCV  
  124  9:21  Refinery, Siege Tank  
  124  9:22  Refinery  
  124  9:23  Terran Infantry Weapons Level 2  
  127  9:27  SCV  
  127  9:28  SCV  
  129  9:43  Liberator x2  
  128  9:59  Siege Tank  
  136  10:16  SCV x3  
  139  10:43  Medivac  
  141  10:54  Marine x6, Medivac  
  141  10:55  Supply Depot  
  141  10:56  Supply Depot  
  149  11:17  Marine, SCV x3  
  153  11:29  SCV  
  145  11:51  Marine x4  
  145  11:52  Marine x2  
  135  12:31  Marine x5  
  135  12:32  Marine x4  
  144  12:49  Marine x7  
  144  12:50  Marine x2  
  153  13:00  Medivac x2  
  156  13:34  Marine x5  
  156  13:35  Marine x4  
  163  13:58  Marine  
  163  13:59  Marine  
  165  14:05  Supply Depot  
  165  14:06  Supply Depot x2, Marine x7, Siege Tank  
  165  14:08  Supply Depot  
  175  14:16  Marine x2  
  176  14:24  Marine x3  
  167  14:36  Marine x4  
  167  14:37  Marine x2, Liberator x2  
  175  14:38  Siege Tank  
  175  14:41  Marine x2  
  175  14:42  Marine  
  178  14:50  Terran Infantry Armor Level 2  
  178  14:51  Terran Infantry Weapons Level 3  
  178  14:52  Terran Ship Weapons Level 1  
  178  14:53  Armory  
  178  14:54  Marine x6  
  178  14:59  Marine  
  185  15:10  Siege Tank  
  120  15:42  Marine x5  
  117  15:43  Marine x3  
  117  15:56  Marine  
  109  16:00  Marine x6  
  109  16:01  Marine x2  
  103  16:13  Marine  
  103  16:17  Marine  
  103  16:18  Marine x4  
  93  16:26  Marine x2  
  93  16:30  Marine  
  93  16:31  Marine  
  97  16:34  Command Center x2  
  97  16:35  Marine, Liberator  
  97  16:36  Liberator  
  101  17:06  Marine x6  
  101  17:07  Marine x2  
  109  17:10  Terran Infantry Armor Level 3  
  109  17:14  Terran Ship Weapons Level 2  
  109  17:23  Marine  
  109  17:25  Marine x6  
  109  17:26  Marine  
  117  17:43  Starport  
  117  17:54  Barracks  
  117  17:55  Barracks  
  117  18:00  Liberator x2  
  117  18:01  Missile Turret  
  117  18:08  Marine x3  
  117  18:09  Marine x2  
  122  18:14  Siege Tank  
  131  18:28  Marine  
  131  18:29  Marine x5  
  131  18:30  Barracks Reactor  
  137  18:34  Starport Reactor  
  137  18:42  Barracks Reactor  
  137  18:43  Barracks Reactor  
  137  18:45  Liberator x2  
  137  18:59  Marine x3, Siege Tank  
  137  19:00  Marine x3  
  137  19:01  Marine  
  153  19:26  Marine x2  
  153  19:27  Marine x6  
  153  19:28  Marine x4, Liberator  
  156  20:13  Marine x3  
  156  20:14  Marine x7  
  156  20:15  Marine  
  163  20:28  Refinery  
  163  20:31  Marine x4  
  163  20:32  Marine x5  
Tags
 
Add a new tag
Caveats
  • Supply blocks, unpowered buildings, or Contaminate may cause inaccurate times.
  • Supply counts are checked every 10 seconds.